 Dungeon Crawl Stone Soup version 0.25-a0-503-ge281fa673e (webtiles) character file.

Game seed: 4709433598449551332, levelgen mode: deterministic

58 Sleepwalker the Digger (level 3, 0/19 HPs)
             Began as a Deep Elf Earth Elementalist on Feb 13, 2020.
             Was an Initiate of Ashenzari.
             Killed by nerve-wracking pain
             ... invoked by Grinder
              (7 damage)
             ... on level 3 of the Dungeon.
             The game lasted 00:11:11 (1494 turns).

Sleepwalker the Digger (DEEE)                       Turns: 1494, Time: 00:11:11

Health: 0/19       AC:  5    Str:  6    XL:     3   Next: 76%
Magic:  8/10       EV: 13    Int: 19    God:    Ashenzari [......]
Gold:   136        SH:  0    Dex: 15    Spells: 6/10 levels left

rFire    . . .     SeeInvis .   (no weapon)
rCold    . . .     Gourm    .   (no shield)
rNeg     . . .     Faith    .   c - +0 robe
rPois    .         Spirit   .   (no helmet)
rElec    .         Reflect  .   (no cloak)
rCorr    .         Harm     .   g - +0 pair of gloves
MR       .....                  (no boots)
Stlth    +++.......             (no amulet)
HPRegen  0.06/turn              i - +2 ring of protection
MPRegen  0.12/turn              l - ring of stealth

@: no status effects
A: no striking features
a: Curse Item, Renounce Religion


You were on level 3 of the Dungeon.
You worshipped Ashenzari.
Ashenzari was noncommittal.
You were not hungry.

You visited 1 branch of the dungeon, and saw 3 of its levels.

You collected 136 gold pieces.

Inventory:

Missiles
 b - 95 stones (quivered)
Armour
 c - a +0 robe (worn)
 g - a +0 pair of gloves (worn)
Jewellery
 i - a +2 ring of protection (left hand)
 j - a +1 ring of slaying
 l - a ring of stealth (right hand)
Scrolls
 a - 6 scrolls of identify
 e - a scroll of fear
 k - a scroll of remove curse
Potions
 f - a potion of lignification
 h - a potion of heal wounds
 n - a potion of agility {unknown}
Comestibles
 d - 5 rations
 m - a chunk of flesh


   Skills:
 + Level 2.9 Dodging
 + Level 3.0 Stealth
 * Level 4.0 Spellcasting
 + Level 0.2 Conjurations
   Level 1.1 Transmutations
 * Level 4.1 Earth Magic


You had 6 spell levels left.
You knew the following spells:

 Your Spells              Type           Power        Failure   Level  Hunger
a - Sandblast             Erth           ###...       2%          1    None
b - Stone Arrow           Conj/Erth      ##....       17%         3    ###....

Your spell library contained the following spells:

 Spells                   Type           Power        Failure   Level  Hunger
 Passwall                 Tmut/Erth      ##......     7%          2    ##.....
 Petrify                  Tmut/Erth      ##......     43%         4    ####...
 Lee's Rapid Deconstruct  Erth           ###.......   56%         5    ######.


Dungeon Overview and Level Annotations

Branches:
Dungeon (3/15)

Altars:
Ashenzari
Dithmenos
Fedhas
Nemelex Xobeh
Zin
The Shining One

Annotations:
D:3 Grinder


Message History

The blast of sand hits Grinder.
Grinder is heavily wounded.
b - 95 stones Grinder says, "I used to sell toenails on the black market."
Grinder blinks!
Grinder gestures at you.
You suddenly lose the ability to move!
Grinder gestures at you.
You barely resist.
You can move again.
Grinder blinks!
Casting: Sandblast (safe; 2% risk of failure)
Confirm with . or Enter, or press ? or * to list all spells.
You don't know that spell.
Grinder gestures at you. Pain shoots through your body!
Ouch! That really hurt!
Grinder gestures at you. Pain shoots through your body!
You die... ...P.PPP.PPPPP.P..#

...P.....P.....P..#
.<.PPPPPPP)PPP.P#.#####.
.........P...P..........
...PPPPP.PPP.P.P...####
...P.(.......P.P......#


...PPP.PPPPPPPPP...##!# ##.....# ##..[..# . ####### #..@..# #.....# #.....#
#.5...# #.....# ####### You could see Grinder.

Vanquished Creatures
  An ooze (D:1)
  A worm (D:3)
  2 dart slugs
  9 goblins
  7 hobgoblins
  9 bats
  4 frilled lizards
  10 kobolds
  6 rats
49 creatures vanquished.

Notes
Turn   | Place    | Note
-------+----------+-------------------------------------------
     0 | D:1      | Sleepwalker the Deep Elf Earth Elementalist began the quest
                  | for the Orb.
     0 | D:1      | Reached XP level 1. HP: 10/10 MP: 6/6
   129 | D:1      | Reached XP level 2. HP: 15/15 MP: 6/8
   477 | D:1      | Reached XP level 3. HP: 19/19 MP: 5/10
   739 | D:2      | Learned a level 3 spell: Stone Arrow
   851 | D:2      | Found a sparkling altar of Nemelex Xobeh.
   852 | D:2      | Found a glowing silver altar of Zin.
   854 | D:2      | Found a shadowy altar of Dithmenos.
   854 | D:2      | Found a glowing golden altar of the Shining One.
   856 | D:2      | Found a shattered altar of Ashenzari.
   857 | D:2      | Found a blossoming altar of Fedhas.
   876 | D:2      | Became a worshipper of Ashenzari the Shackled
  1467 | D:3      | Noticed Grinder
  1487 | D:3      | Paralysed by Grinder for 4 turns
  1494 | D:3      | Killed from afar by Grinder

Levels and vault maps discovered:
D:1:      matt_arrival_refuge, layout_basic, minmay_split_cup_small
D:2:      minmay_spotlight, layout_basic, grunt_temple_overflow_open
D:3:      layout_basic, minmay_hedge_maze, uniq_grinder

Skill      XL: |  1  2  3 |
---------------+----------+-----
Earth Magic    | 4 |  4.1
Stealth        | 3 |  3.0
Spellcasting   | 4 |  4.0
Dodging        | |  2.9
Conjurations   | |  0.2
Transmutations | |  1.1

Action                   || total
-------------------------++-------
Melee: Unarmed           ||    55
 Cast: Sandblast         ||    54
       Stone Arrow       ||     5
  Use: Scroll            ||     4
  Eat: Chunk             ||     2
Armor: Robe              ||    42
Dodge: Dodged            ||    68

Table legend:
 A = Non-vault XP
 B = Vault XP
 C = Vault XP percentage of total XP
 D = Non-vault monster count
 E = Vault monster count
 F = Vault count percentage of total count
                 A         B        C        D         E       F
            +---------+---------+-------+---------+---------+-------
      Total |      69 |      15 |  17.9 |      40 |       9 |  18.4
            +---------+---------+-------+---------+---------+-------
        D:1 |      42 |       8 |  16.0 |      25 |       3 |  10.7
        D:2 |      21 |       7 |  25.0 |      13 |       6 |  31.6
        D:3 |       6 |       0 |   0.0 |       2 |       0 |   0.0
            +---------+---------+-------+---------+---------+-------
